 Dungeon Crawl Stone Soup version 0.28.0-53-g5a82cb258f (webtiles) character file.

Game seed: 929544968148770007

2 ChickenMitten the Shield-Bearer (level 1, 18/18 HPs)
             Began as a Formicid Fighter on Aug 6, 2022.
             Was a Plaything of Xom.
             Got out of the dungeon alive.
             The game lasted 00:00:34 (332 turns).

ChickenMitten the Shield-Bearer (Formicid Fighter)   Turns: 332, Time: 00:00:34

Health: 18/18      AC:  6    Str: 20    XL:     1   Next: 33%
Magic:  1/1        EV:  9    Int:  7    God:    Xom [..*...]
Gold:   0          SH:  4    Dex: 10    Spells: 0/0 levels left

rFire   . . .      SeeInvis +   a - +0 war axe
rCold   . . .      Faith    .   c - +0 buckler
rNeg    . . .      Spirit   .   b - +0 scale mail
rPois   .          Reflect  .   (helmet unavailable)
rElec   .          Harm     .   (no cloak)
rCorr   .          Rampage  .   (no gloves)
Will    .....                   (no boots)
Stlth   ..........              (no amulet)
HPRegen 0.06/turn               (no ring)
MPRegen 0.07/turn               (no ring)

@: no status effects
A: permanent stasis, dig shafts and tunnels, antennae 3, four strong arms
a: Dig, Shaft Self, Renounce Religion


You escaped.
You worshipped Xom.
You were a toy of Xom.
You visited 1 branch of the dungeon, and saw 1 of its levels.

Inventory:

Hand Weapons
 a - a +0 war axe (weapon)
Armour
 b - a +0 scale mail (worn)
 c - a +0 buckler (worn)
Potions
 d - a potion of might
 e - a potion of haste {unknown}
 f - a potion of ambrosia {unknown}


   Skills:
 * Level 3.3 Fighting
 * Level 2.0 Axes
 * Level 3.3 Armour
 * Level 3.6 Shields


You couldn't memorise any spells.
You didn't know any spells.
Your spell library was empty.

Dungeon Overview and Level Annotations

Branches:
Dungeon (1/15)

Altars:
Xom

Shops:
D:1 [


Innate Abilities, Weirdness & Mutations

You cannot be hasted, slowed, berserked, paralysed or teleported.
You can dig through walls and to a lower floor.
You have a pair of large antennae on your head. (SInv)
Your four strong arms can wield two-handed weapons with a shield.


Message History

No target in view!
No target in view!
No target in view!
e - a red potion
f - a pink potion You open the door.
There is an open door here.
A quokka comes into view.
A quokka is nearby!
A quokka is nearby!
A quokka is nearby!
A quokka is nearby!
A quokka is nearby!
Found a robe.
The quokka bites you.
You hit the quokka but do no damage. The quokka bites you.
You slash the quokka!
You kill the quokka!
No target in view!
No target in view!
No target in view!
No target in view!
No target in view!
No target in view!
No target in view!
No target in view!
No target in view!
You see here a +0 robe.
Found a dagger.
Found a faded altar of an unknown god.
Found Ximasiuz's Antique Armour Shoppe.
There is an entrance to Ximasiuz's Antique Armour Shoppe here.
There is a faded altar of an unknown god here.
You see here a +0 dagger.
You cannot tell which god this altar belongs to.
Convert to them anyway?
Xom accepts your prayer! Xom welcomes you!
Xom is very intrigued!
There is a staircase leading out of the dungeon here.
Are you sure you want to leave the Dungeon?
This will make you lose the game!
You have escaped!

# #..##.###..>....# #......#
######...#.##.........###......#
..............................##
#####....#..##########.##....##
# #.....##.#........#......## #
#.....##.#.....##.#.##..## #
#.....#..#.....#.>#..#..# #
##....#..#..##.#.##..#..# #
#.......#..#@.#.....#..# #
####.##.##.#.##.....#.##
#........#........#.#
#..###...##########.# #..#
#...... #..# #.###...# #..# ...
..... #....#.# .### ....# .


There were no monsters in sight!

Vanquished Creatures
  A quokka (D:1)
  A bat (D:1)
2 creatures vanquished.

Notes
Turn   | Place    | Note
-------+----------+-------------------------------------------
     0 | D:1      | ChickenMitten the Formicid Fighter began the quest for the
                  | Orb.
     0 | D:1      | Reached XP level 1. HP: 18/18 MP: 1/1
   250 | D:1      | Found a faded altar of an unknown god.
   259 | D:1      | Found Ximasiuz's Antique Armour Shoppe.
   274 | D:1      | Prayed at the altar of an unknown god.
   274 | D:1      | Became a worshipper of Xom of Chaos
   332 | D:$      | Got out of the dungeon alive.

Illustrated notes

Levels and vault maps discovered:
D:1:      ebering_trefoil_twist, layout_loops_corners,
          ebering_ecumenical_altar_sacrificial, serial_shops,
          nicolae_shop_behind_doors, nicolae_shop_waterfront, shop

Action                   || total
-------------------------++-------
Melee: War axe           ||     4
Dodge: Dodged            ||     3
